[Event "Live Chess"]
[Site "Chess.com"]
[Date "2023.05.20"]
[Round "-"]
[White "Missedidea"]
[Black "gmnorfolk"]
[Result "0-1"]
[WhiteElo "1741"]
[BlackElo "2100"]
[TimeControl "300"]
[EndTime "14:09:30 PDT"]
[Termination "gmnorfolk won on time"]

1. d4 Nf6 2. c4 e6 3. Nc3 Bb4 4.
e3 O-O 5. Bd3 d5 6. Nf3 dxc4 7.
Bxc4 c5 8. O-O cxd4 9. exd4 b6 10. Bg5 Bb7 11. Ne5 Nbd7 12. Qe2 Bxc3 13. bxc3 Rc8 14. Bb5 Nxe5 15. dxe5 Qd5 16. f3 a6 17. exf6 Qxb5 18.
Qxb5 axb5 19. fxg7 Kxg7 20. Bf4 f6 21. Rac1 Bd5 22. Rf2 Ra8 23. Bd6 Rfc8 24. a3 Rc6 25. Bb4 h5 26. Rd2 Kg6 27. Kf2 Kf5 28. Ke3 Rg8 29.
Rg1 Rc7 30. Rd4 Rcg7 31. g3 Rd7 32. g4+ hxg4 33. fxg4+ Kg6 34. Rg3 Rh8 35. h3 Rh4 36. Rd2 Rdh7 37. Rh2 Kf7 38. Kd4 Bc6 39. Ke3 e5 40.
Kd3 Ke6 41. Ke3 Rd7 42. Rd2 Bd5 43. Kf2 Re7 44. Rgd3 Rd7 45. Kg3 Rhh7 46. h4 e4 47.
Rd4 f5 48. g5 Ke5 49. g6 Rhg7 50. h5 f4+ 51. Kh4 e3 52. Re2 Be6 53. Rxd7 Bxd7 54.
Kg5 Ke4 55. Bd6 f3 56. Re1 f2 57. Rh1 e2 58. Rh4+ Ke3 59. Rh3+ Kd2 60. Bf4+ Kd1 61. Rd3+ Kc2 62. Rd2+ Kxc3 63. Rxe2 f1=Q 0-1

[Event "Live Chess"]
[Site "Chess.com"]
[Date "2023.05.20"]
[Round "-"]
[White "Supertromp"]
[Black "LutherSullivan"]
[Result "1/2-1/2"]
[WhiteElo "2180"]
[BlackElo "2060"]
[TimeControl "300"]
[EndTime "14:09:35 PDT"]
[Termination "Game drawn by repetition"]

1. e4 c5 2. Nf3 Nc6 3. Bb5 g6 4. Bxc6 dxc6 5. O-O Bg7 6. d3 Qc7 7. h3 e5 8. Be3 b6 9. Nbd2 Nf6 10. a4 a5 11. c3 O-O 12. Nc4 Nd7 13. Qb3 Ba6 14.
Nfd2 Rfd8 15. f4 Rab8 16. fxe5 Nxe5 17. Nxe5 Bxe5 18. Nc4 Bh2+ 19. Kh1 Rxd3 20. e5 Bxc4 21. Qxc4 Rxe3 22. Kxh2 Qxe5+ 23. Kh1 Rf8 24. Qa6 Qc7 25. Rad1 Rfe8 26. Qc4 R8e4 27. Qb3 c4 28. Qa3 c5 29.
Qa1 Re2 30. Qc1 R4e3 31. Kg1 Kg7 32. Rf2 Qe5 33. Rdf1 Rxf2 34. Kxf2 Qg3+ 35. Kg1 Re2 36. Rxf7+ Kxf7 37. Qf1+ Rf2 38. Qxf2+ Qxf2+ 39. Kxf2 Kf6 40. g4 Ke5 41. Ke3 h5 42. Kf3 hxg4+ 43. hxg4 g5 44. Ke3 Kd5 45. Kf3 Ke5 46. Ke3 Kd5 47. Kf3 Ke5 1/2-1/2

[Event "Live Chess"]
[Site "Chess.com"]
[Date "2023.05.20"]
[Round "-"]
[White "Man-Del-Brot"]
[Black "parcellforce"]
[Result "1-0"]
[WhiteElo "1125"]
[BlackElo "1371"]
[TimeControl "300"]
[EndTime "14:09:35 PDT"]
[Termination "Man-Del-Brot won by resignation"]

1. e4 e5 2. Bc4 Nc6 3. d3 Nf6 4. Nf3 Bc5 5. O-O d6 6. Bg5 h6 7. Be3 Bxe3 8. fxe3 Na5 9. Bb3 Nxb3 10. cxb3 Bg4 11. Nc3 O-O 12. Qc2 c6 13. h3 Bh5 14.
d4 Bxf3 15. Rxf3 Qd7 16. dxe5 dxe5 17. Rd1 Qe6 18. Rf2 Rad8 19. Rfd2 Rxd2 20. Rxd2 Nd7 21. a4 b6 22. b4 Nf6 23. b5 cxb5 24. Nxb5 Rc8 25.
Qd1 Nxe4 26. Rd8+ Rxd8 27. Qxd8+ Kh7 28. Qd3 f5 29. Nxa7 Nc5 30. Qb5 Qe7 31. Nc6 Qc7 32. a5 Ne4 33. axb6 Qb7 34. Nd8 Qb8 35. Nc6 Qb7 36. Na5 Qb8 37. b7 Nd6 38. Qb6 Nf7 39.
Nc6 Qxb7 40. Qxb7 Nd6 41. Qd7 Ne4 42. Qxf5+ g6 43. Qxe4 Kg7 44. Qxe5+ Kf7 45. Qe7+ Kg8 46. b4 g5 47. b5 g4 48. b6 1-0

[Event "Live Chess"]
[Site "Chess.com"]
[Date "2023.05.20"]
[Round "-"]
[White "Ferrarifan27"]
[Black "KeithArkell"]
[Result "0-1"]
[WhiteElo "2064"]
[BlackElo "2617"]
[TimeControl "300"]
[EndTime "14:09:41 PDT"]
[Termination "KeithArkell won by resignation"]

1. e4 c6 2. d4 d5 3. e5 c5 4.
dxc5 Nc6 5. a3 a5 6. Nf3 Bg4 7. h3 Bxf3 8. Qxf3 e6 9. Bf4 Bxc5 10. Bb5 Ne7 11. O-O Ng6 12. Bg3 O-O 13. Re1 Bd4 14. c3 Bxe5 15. Bxc6 Bxg3 16. Bxb7 Rb8 17. Qxg3 Rxb7 18. b4 Qc7 19. Qd3 Rc8 20. Rc1 axb4 21. axb4 Rxb4 22. Nd2 Rb6 23. c4 Rc6 24. Ra4 Ne5 25.
Qd4 Nxc4 26. Nxc4 Rxc4 27. Raxc4 dxc4 28. Rc3 h6 29. Qe4 Qc5 30. Qb7 Rc7 31. Qa8+ Kh7 32. Qe4+ g6 33. Qf4 Kg7 34. h4 h5 35. Qe4 Rc6 36.
Qf4 Qd5 37. Rf3 Qd1+ 38. Kh2 Qd6 39. Qxd6 Rxd6 0-1

[Event "Live Chess"]
[Site "Chess.com"]
[Date "2023.05.20"]
[Round "-"]
[White "alexholowczak"]
[Black "Duke_of_Bebington"]
[Result "1-0"]
[WhiteElo "1673"]
[BlackElo "1583"]
[TimeControl "300"]
[EndTime "14:09:56 PDT"]
[Termination "alexholowczak won by checkmate"]

1. e4 e5 2. Nf3 Nf6 3. Nxe5 d6 4.
Nf3 Nxe4 5. Qe2 Qe7 6. d3 Nf6 7.
Bg5 Be6 8. Nc3 h6 9. Bh4 d5 10. O-O-O Nc6 11. d4 g5 12. Bg3 Bg7 13. Qb5 O-O-O 14.
Na4 a6 15. Qb3 Ne4 16. h4 Bg4 17. Re1 Qf6 18. Rxe4 dxe4 19. Nc5 b6 20. Bxa6+ Kb8 21.
Qxb6+ Ka8 22. Qb7# 1-0

[Event "Live Chess"]
[Site "Chess.com"]
[Date "2023.05.20"]
[Round "-"]
[White "grillage"]
[Black "bristolunichess"]
[Result "0-1"]
[WhiteElo "1843"]
[BlackElo "1818"]
[TimeControl "300"]
[EndTime "14:10:00 PDT"]
[Termination "bristolunichess won by resignation"]

1. d4 g6 2. Nc3 Bg7 3. e4 Nf6 4. e5 d6 5. exf6 Bxf6 6. Nf3 h5 7. Bg5 Bg7 8. Bc4 c6 9. Bb3 d5 10. Qd2 Bg4 11. Qe3 f6 12. Bf4 g5 13. Bxb8 Rxb8 14.
h3 Bxf3 15. Qxf3 Qd7 16. O-O-O g4 17. Qe3 Bh6 18. f4 gxf3 19. Qxh6 Rxh6 20. gxf3 Qf5 21.
Rde1 Qxf3 22. Rhf1 Qxh3 23. Na4 b6 24. Nc3 Qg4 25.
Rg1 Qf4+ 26. Kb1 Kf7 27. Rgf1 Qxd4 28. Ne2 Qc5 29. c3 h4 30. Bc2 h3 31. Ng3 Re8 32. Nf5 Rh5 33. Ng3 Rg5 34. Ne2 h2 35. Nd4 Rh8 36.
Rh1 Qd6 37. Nf5 Rxf5 38. Bxf5 e5 39. Re2 e4 40. Rg2 Rh6 41. a3 Qe5 42. Bg4 f5 43. Be2 f4 44. Rgxh2 Rxh2 45. Rxh2 f3 46. Rh7+ Kg6 0-1

[Event "Live Chess"]
[Site "Chess.com"]
[Date "2023.05.20"]
[Round "-"]
[White "SupremeTactician"]
[Black "AttackingSnowLeopard"]
[Result "1-0"]
[WhiteElo "2363"]
[BlackElo "2065"]
[TimeControl "300"]
[EndTime "14:10:10 PDT"]
[Termination "SupremeTactician won by resignation"]

1. e4 e5 2. Nf3 Nc6 3. Nc3 Nf6 4. Bb5 Bd6 5. O-O O-O 6. d3 a6 7. Bc4 h6 8. Be3 Bb4 9. h3 d6 10. a3 Bxc3 11. bxc3 Be6 12. Bb3 Ne7 13. Nh4 Bxb3 14.
cxb3 d5 15. f3 Ng6 16. Nxg6 fxg6 17. Qd2 c6 18. Rad1 Qd7 19. a4 g5 20. Bc5 Rfe8 21. b4 Nh5 22. exd5 cxd5 23. c4 d4 24. Qe1 Nf4 25. a5 Qf5 26. Qe4 Qf7 27. Kh2 Rac8 28.
g3 Ng6 29. Rde1 Re6 30. Kg2 Rce8 31. Qd5 Kh7 32. Re2 Qf5 33. Qe4 Qf6 34. Qxb7 Ne7 35. Bxe7 R8xe7 36. Qe4+ Kh8 37. b5 axb5 38. cxb5 h5 39.
b6 h4 40. gxh4 gxh4 41. Rc2 Qg5+ 42. Kh2 Qg3+ 43. Kh1 Qxh3+ 44. Kg1 Re8 45. Rff2 Qg3+ 46. Rg2 Qf4 47. Rg4 Qxe4 48. fxe4 Rh6 49. Rh2 Kg8 50. Rhxh4 Rc6 51. Rg2 Rc3 52. Rhg4 Re7 53. a6 Rxd3 54.
b7 Rb3 55. a7 1-0

[Event "Live Chess"]
[Site "Chess.com"]
[Date "2023.05.20"]
[Round "-"]
[White "xx_blindpuffin_xx"]
[Black "Nazar_777"]
[Result "1-0"]
[WhiteElo "2185"]
[BlackElo "1608"]
[TimeControl "300"]
[EndTime "14:10:17 PDT"]
[Termination "xx_blindpuffin_xx won by checkmate"]

1. d4 e6 2. Bf4 a6 3. e3 h5 4. Nf3 Nf6 5. h3 c5 6. Be2 c4 7. Bxc4 b5 8. Be2 Nc6 9. O-O Be7 10. c4 b4 11. d5 Nb8 12. d6 Bf8 13. a3 bxa3 14.
Rxa3 Nc6 15. c5 a5 16. Nc3 Bb7 17. Nb5 Nd5 18. Bc4 Ba6 19. Nc7+ Nxc7 20. dxc7 Qc8 21. Bxa6 Rxa6 22. Nd4 Bxc5 23. Rc3 Bxd4 24. exd4 Nb4 25. Rg3 Rg8 26. Qxh5 Nd5 27. Be5 g6 28. Qh7 Rf8 29.
Bg7 Qxc7 30. Bxf8 Kxf8 31. h4 Ke7 32. Rf3 Nf6 33. Qg7 Ng4 34. Qxf7+ Kd6 35. Qf8+ Kd5 36. Rg3 Qxg3 37. fxg3 Ne3 38. Qc5+ Ke4 39. Rf4+ Kd3 40. Qc3+ Ke2 41. Rf2+ Kd1 42. Qd2# 1-0

[Event "Live Chess"]
[Site "Chess.com"]
[Date "2023.05.20"]
[Round "-"]
[White "defenderalist"]
[Black "ACx04"]
[Result "1-0"]
[WhiteElo "1620"]
[BlackElo "415"]
[TimeControl "300"]
[EndTime "14:10:26 PDT"]
[Termination "defenderalist won by resignation"]

1. e4 e5 2. Nf3 Nc6 3. Bc4 Nf6 4. O-O h6 5. Nc3 a6 6. d4 exd4 7. Nxd4 Nxd4 8. Qxd4 Qe7 9. e5 Ng8 10. f4 d6 11. Nd5 dxe5 12. fxe5 Qe6 13. Nxc7+ Ke7 14. Nxe6 f5 15. exf6+ gxf6 16. Nxf8 h5 17. Ng6+ 1-0

[Event "Live Chess"]
[Site "Chess.com"]
[Date "2023.05.20"]
[Round "-"]
[White "CheckThis4"]
[Black "friarnator"]
[Result "1-0"]
[WhiteElo "2550"]
[BlackElo "1997"]
[TimeControl "300"]
[EndTime "14:10:33 PDT"]
[Termination "CheckThis4 won on time"]

1. d4 Nf6 2. Nc3 d6 3. e4 g6 4. Be3 Bg7 5. Qd2 c6 6. f3 b5 7. Bh6 O-O 8. h4 b4 9. Nce2 e5 10. h5 a5 11. Rd1 Qe7 12. Nh3 Bxh3 13. Rxh3 Nbd7 14. g4 Rfd8 15. Bxg7 Kxg7 16. Ng3 Qf8 17. Qg5 Kh8 18. hxg6 fxg6 19. Qxg6 exd4 20. g5 Qg8 21. Qf5 Ne8 22. Rxd4 Ne5 23. Nh5 Ng7 24. Qf6 Rf8 25. Qxg7+ Qxg7 26. Nxg7 Kxg7 27. Be2 Rad8 28. b3 Ng6 29.
Rh2 Nf4 30. Kd2 Ne6 31. Rd3 Nc5 32. Rd4 Ne6 33. Rd3 Nc5 34. Re3 d5 35. exd5 Rxd5+ 36. Ke1 Rxg5 37. Re7+ Kg6 38. Rhxh7 Rf6 39. f4 Rd5 40.
Rhg7+ Kf5 41. Rg4 Ne6 42. Bf3 Nxf4 43. Rxf4+ Kxf4 44. Bxd5 cxd5 45. Kd2 Ra6 46. Kd3 Kf5 47. Kd4 Kf6 48. Re8 Rc6 49. Re2 1-0

[Event "Live Chess"]
[Site "Chess.com"]
[Date "2023.05.20"]
[Round "-"]
[White "Doge_Dandolo"]
[Black "MrBlond89"]
[Result "1-0"]
[WhiteElo "2032"]
[BlackElo "1420"]
[TimeControl "300"]
[EndTime "14:10:36 PDT"]
[Termination "Doge_Dandolo won on time"]

1. Nf3 Nc6 2. e4 e5 3. Bc4 Bc5 4. b4 Bb6 5. O-O d6 6. c3 Nf6 7. a4 a6 8. d3 O-O 9. h3 Ne7 10. Bg5 Ng6 11. Kh2 h6 12. Bc1 Nf4 13. Nbd2 c6 14. Bb3 Nxd3 15. Qe2 Nf4 16. Qd1 Be6 17. Bxe6 fxe6 18. g3 Nd3 19. Qe2 Nxf2 20. Rxf2 Bxf2 21. Qxf2 d5 22. Ra2 Nxe4 23. Nxe4 dxe4 24. Rd2 Qc7 25. Qc5 exf3 26. Rf2 e4 27. Bf4 Qf7 28. Qc4 Rae8 29.
Qxe4 e5 30. Be3 Qb3 31. Bc5 Qxa4 32. Bxf8 Rxf8 33. Rxf3 Rxf3 34. Qxf3 Qc2+ 35. Kg1 Qc1+ 36. Kf2 Qc2+ 37. Ke1 Qc1+ 38. Ke2 Qc2+ 39. Ke1 Qc1+ 40.
Qd1 Qxd1+ 41. Kxd1 Kf7 42. Ke2 Ke6 43. Ke3 Kd5 44. Kd3 1-0

[Event "Live Chess"]
[Site "Chess.com"]
[Date "2023.05.20"]
[Round "-"]
[White "ItsNot_Jasper"]
[Black "ameetghasi100"]
[Result "1-0"]
[WhiteElo "1338"]
[BlackElo "2633"]
[TimeControl "300"]
[EndTime "14:10:41 PDT"]
[Termination "ItsNot_Jasper won by checkmate"]

1. d4 e5 2. dxe5 d6 3. exd6 Bxd6 4. Nf3 Nf6 5. Nc3 O-O 6. e3 Re8 7. Be2 Nc6 8. O-O Bg4 9. h3 h5 10. hxg4 hxg4 11. Nd4 Ne5 12. Nf5 Re6 13. Nxd6 Rxd6 14.
Qe1 Nh7 15. f3 gxf3 16. Bxf3 Ng5 17. Bxb7 Rg6 18. Bxa8 Qxa8 19. Qe2 Ngf3+ 20. Rxf3 Nxf3+ 21. Kf1 Nh4 22. e4 Rxg2 23. Qxg2 Nxg2 24. Kxg2 Qc8 25.
Bf4 Qg4+ 26. Bg3 f5 27. exf5 Qxf5 28. Rf1 Qxc2+ 29. Rf2 Qd3 30. Bxc7 Qc4 31. Bg3 Qc6+ 32. Kg1 a5 33. a4 Qg6 34. Kg2 Qd3 35. Re2 Qc4 36.
Re8+ Kh7 37. Re5 Qc6+ 38. Kh3 Qh1+ 39. Kg4 Kg6 40. Rxa5 Qg2 41. Rg5+ Kf7 42. a5 Qxb2 43. Ne4 Qe2+ 44. Kf4 Qf1+ 45. Bf2 Qc1+ 46. Kg4 Qc8+ 47.
Rf5+ Kg6 48. Ng3 Qc4+ 49. Kh3 Qc8 50. Kg2 Qa8+ 51. Kg1 Qc8 52. Rc5 Qe6 53. Rb5 Kh7 54. Rb6 Qd5 55. a6 Qd1+ 56. Kg2 Qd5+ 57. Kh3 Qf3 58.
a7 Qd5 59. Ra6 Qd7+ 60. Kh2 Qf7 61. a8=Q Qxf2+ 62. Kh3 Qd4 63. Qe4+ Kh8 64. Qxd4 Kh7 65. Qh4+ Kg8 66. Ra8+ Kf7 67. Qf4+ Kg6 68. Ra6+ Kh7 69.
Qh4+ Kg8 70. Nf5 Kf7 71. Qe7+ Kg8 72. Qxg7# 1-0

[Event "Live Chess"]
[Site "Chess.com"]
[Date "2023.05.20"]
[Round "-"]
[White "wot-not"]
[Black "ProfPoisson"]
[Result "1-0"]
[WhiteElo "1522"]
[BlackElo "1136"]
[TimeControl "300"]
[EndTime "14:10:47 PDT"]
[Termination "wot-not won by resignation"]

1. e4 e5 2. f4 d5 3. Nf3 dxe4 4. Nxe5 Bd6 5. Be2 Bxe5 6. fxe5 Nc6 7. O-O Nxe5 8. Nc3 Nf6 9. d4 exd3 10. Bxd3 Nxd3 11. cxd3 O-O 12. Qf3 Ng4 13. h3 Qd4+ 14. Kh1 Ne5 15. Qg3 Nxd3 16. Bh6 Be6 17. Rad1 Nf2+ 18. Rxf2 Qxd1+ 19. Nxd1 1-0

[Event "Live Chess"]
[Site "Chess.com"]
[Date "2023.05.20"]
[Round "-"]
[White "YrrriKharkiv"]
[Black "Oleg_Silin"]
[Result "1-0"]
[WhiteElo "2070"]
[BlackElo "1464"]
[TimeControl "300"]
[EndTime "14:10:49 PDT"]
[Termination "YrrriKharkiv won on time"]

1. d4 Nf6 2. c4 e6 3. g3 c5 4. d5 exd5 5. cxd5 d6 6. Bg2 g6 7. Nc3 Bg7 8. Nf3 O-O 9. O-O a6 10. a4 Bg4 11. Nd2 Re8 12. h3 Bd7 13.
Nc4 Qc7 14. a5 Bb5 15. Nb6 Ra7 16. Re1 Nbd7 17. Nxd7 Bxd7 18. e4 b5 19. axb6 Qxb6 20. Qc2 Nh5 21. Be3 Bb5 22. Qb3 Rb7 23. Nxb5 Qxb5 24.
Qxb5 axb5 25. Rab1 b4 26. b3 Rc8 27. Bf1 Re8 28. Bd2 Bd4 29. Kg2 Nf6 30. Bd3 Ra7 31. Be3 Bxe3 32. Rxe3 Ra2 33. Kf3 Nd7 34. Bb5 Re7 35. Bxd7 Rxd7 36. Rd1 f6 37. Re2 Rda7 38.
Rdd2 Rxd2 39. Rxd2 Ra3 40. Rb2 Kf7 41. Ke2 Ke7 42.
Kd3 Ra1 43. h4 f5 44. exf5 gxf5 45. Re2+ Kf6 46. Re7 Rd1+ 47. Ke2 Rb1 48. Re6+ Kf7 49. Rxd6 Rxb3 50. Rc6 Rc3 51. Rc7+ Ke8 52. Rxh7 b3 53. Rb7 Rc2+ 54. Kd1 c4 55. d6 Rc3 56. h5 Rd3+ 57.
Ke2 Rxd6 58. Kf3 1-0

[Event "Live Chess"]
[Site "Chess.com"]
[Date "2023.05.20"]
[Round "-"]
[White "ExIsambard"]
[Black "Pandreq"]
[Result "1-0"]
[WhiteElo "1976"]
[BlackElo "1255"]
[TimeControl "300"]
[EndTime "14:10:51 PDT"]
[Termination "ExIsambard won by resignation"]

1. d4 d5 2. Nf3 c6 3. Bg5 Nf6 4.
e3 e6 5. Bd3 Be7 6. Nbd2 h6 7.
Bf4 O-O 8. g4 Nbd7 9. Qe2 c5 10.
c3 c4 11. Bc2 Nxg4 12. Rg1 h5 13. h3 Ngf6 14. Bh6 g6 15. Bxf8 Bxf8 16. Nh4 Kh7 17. Ndf3 b5 18. Ng5+ Kg7 19. Nxg6 fxg6 20. Nxe6+ 1-0

[Event "Live Chess"]
[Site "Chess.com"]
[Date "2023.05.20"]
[Round "-"]
[White "lightningorderyt"]
[Black "HoarseyHorsey"]
[Result "1/2-1/2"]
[WhiteElo "520"]
[BlackElo "1412"]
[TimeControl "300"]
[EndTime "14:10:53 PDT"]
[Termination "Game drawn by repetition"]

1. d4 Nf6 2. Nf3 d5 3. Nc3 Bg4 4. Bg5 e6 5. e3 Bb4 6. Qd3 Bxf3 7. gxf3 O-O 8. a3 Be7 9. Qb5 b6 10. Bg2 c6 11. Qa4 c5 12. e4 h6 13. Bxf6 Bxf6 14.
dxc5 bxc5 15. O-O-O Bxc3 16. bxc3 Qf6 17. exd5 exd5 18.
f4 Qxc3 19. Bxd5 Qa1+ 20. Kd2 Qf6 21. Bxa8 Rd8+ 22. Ke2 Re8+ 23. Kf3 Qc3+ 24. Kg2 Re6 25. Rd8+ Kh7 26. f5 Re5 27. Rxb8 Rxf5 28. Qe4 Qf6 29. Bc6 g6 30. Rf1 Rg5+ 31. Kh1 Rf5 32. Bd7 Rf3 33. Qe8 h5 34. Qg8+ Kh6 35. Qh8+ Kg5 36. Qxf6+ Kxf6 37. Ra8 c4 38. Rxa7 c3 39. Ra6+ Ke7 40.
Bb5 Rf5 41. Ra7+ Kd6 42. Bd3 Rf4 43. Ra6+ Ke5 44. Rb6 Kd4 45. a4 Kc5 46. a5 Ra4 47. Rb8 Rxa5 48. Rc8+ Kd4 49. Rd8+ Kc5 50. Rc8+ Kb4 51. Rb8+ Kc5 52. Rc8+ 1/2-1/2

[Event "Live Chess"]
[Site "Chess.com"]
[Date "2023.05.20"]
[Round "-"]
[White "CameronM1234"]
[Black "AbilifyXL"]
[Result "0-1"]
[WhiteElo "1130"]
[BlackElo "1954"]
[TimeControl "300"]
[EndTime "14:11:14 PDT"]
[Termination "AbilifyXL won by resignation"]

1. e4 d5 2. exd5 Qxd5 3. Nc3 Qa5 4. d4 c6 5. Nf3 Nf6 6. Bd2 Bg4 7. Ne4 Qc7 8.
Nxf6+ exf6 9. Be2 Bd6 10. g3 Bh3 11. Ng1 Bg2 12. Bf3 Bxh1 13. Bxh1 O-O 14. Qg4 Re8+ 15. Ne2 Nd7 16. Bh6 Bf8 17. Bf4 Qb6 18. O-O-O Rad8 19. h4 Qa6 20. Kb1 Qxe2 21. Qxe2 Rxe2 22. h5 h6 23. Bf3 Rxf2 24. Bg4 Nb6 0-1

[Event "Live Chess"]
[Site "Chess.com"]
[Date "2023.05.20"]
[Round "-"]
[White "Singapourfeuj"]
[Black "hturner40"]
[Result "1-0"]
[WhiteElo "2252"]
[BlackElo "1806"]
[TimeControl "300"]
[EndTime "14:11:25 PDT"]
[Termination "Singapourfeuj won on time"]

1. d4 Nf6 2. c4 Nc6 3. Nf3 d6 4. g3 Bg4 5. Bg2 e5 6. d5 Nb8 7. h3 Bh5 8. Nc3 Be7 9. O-O O-O 10. b4 a5 11. b5 b6 12. e4 Nbd7 13. Be3 Ne8 14.
g4 Bg6 15. Nd2 Bg5 16. Qe2 Nc5 17. Nb3 Qf6 18. Nxc5 bxc5 19. Bxg5 Qxg5 20. Qe3 Qxe3 21.
fxe3 Nf6 22. Bf3 h6 23. Kg2 Nh7 24. h4 f6 25. Kg3 Rfb8 26. a3 Nf8 27. Rab1 Nd7 28.
h5 Bf7 29. Be2 Nb6 30. Rf2 Be8 31. Bd3 Bd7 32. Kh4 Rf8 33. Ne2 Na4 34. Ng3 Nb6 35.
Rg1 Kh7 36. Rfg2 Rg8 37. Nf5 Rae8 38. Ng3 g5+ 39. hxg6+ Rxg6 40. Nf5 Bxf5 41. gxf5 Rg5 42. Rxg5 hxg5+ 43. Kg4 Kg7 44. Rh1 Rh8 45. Rxh8 Kxh8 46. Kh5 Kg7 47. Kg4 Na4 48. Kh5 Nc3 49.
Kg4 Nd1 50. Kf3 1-0

[Event "Live Chess"]
[Site "Chess.com"]
[Date "2023.05.20"]
[Round "-"]
[White "smoggyrabbit"]
[Black "LiamClery2020"]
[Result "1-0"]
[WhiteElo "1701"]
[BlackElo "2070"]
[TimeControl "300"]
[EndTime "14:11:37 PDT"]
[Termination "smoggyrabbit won by resignation"]

1. d4 Nf6 2. Nf3 e6 3. e3 d5 4. Bd3 Be7 5. O-O O-O 6. b3 c5 7. Bb2 Nc6 8. Nbd2 cxd4 9. exd4 Bd6 10. a3 Re8 11. Ne5 Qc7 12. f4 Qb6 13. Ndf3 Nd7 14. Kh1 Bxe5 15. fxe5 f6 16. Bxh7+ Kxh7 17. Ng5+ Kg6 18.
Qg4 fxg5 19. h4 Qd8 20. Bc1 Rh8 21. Bxg5 Ncxe5 22. dxe5 Nxe5 23. Qg3 Qxg5 24. Qxg5+ 1-0

[Event "Live Chess"]
[Site "Chess.com"]
[Date "2023.05.20"]
[Round "-"]
[White "chessfiction"]
[Black "Wild_Tiger"]
[Result "1-0"]
[WhiteElo "2376"]
[BlackElo "1072"]
[TimeControl "300"]
[EndTime "14:11:40 PDT"]
[Termination "chessfiction won by checkmate"]

1. e4 e5 2. d4 exd4 3. c3 dxc3 4. Bc4 cxb2 5. Bxb2 Nc6 6. Nf3 Bb4+ 7. Nc3 Qf6 8. Qb3 d6 9. O-O-O Be6 10. Nd5 Qd8 11.
Nxb4 Nxb4 12. Qxb4 Bxc4 13. Qxc4 Nf6 14. e5 Nd7 15. e6 Nb6 16. exf7+ Kf8 17. Qg4 Kxf7 18. Qxg7+ Ke6 19. Rhe1+ Kf5 20. Qf7+ Kg4 21. Re4# 1-0

[Event "Live Chess"]
[Site "Chess.com"]
[Date "2023.05.20"]
[Round "-"]
[White "elvenstar"]
[Black "Delacorta"]
[Result "1-0"]
[WhiteElo "1584"]
[BlackElo "1411"]
[TimeControl "300"]
[EndTime "14:11:55 PDT"]
[Termination "elvenstar won by resignation"]

1. e4 e6 2. f4 d5 3. exd5 Qxd5 4. Nf3 Nf6 5. d4 Be7 6. Be2 b6 7. O-O Bb7 8. c4 Qd8 9. Nc3 O-O 10. Ne5 Nbd7 11.
Be3 a6 12. Bf3 Bxf3 13. Rxf3 Nxe5 14. fxe5 Nh5 15. Rh3 g6 16. Qg4 Kh8 17. Bh6 Rg8 18. Rf1 Qe8 19. Rhf3 f5 20. exf6 Nxf6 21. Rxf6 Bxf6 22.
Rxf6 Qe7 23. Rxe6 Qd7 24. Qe4 Rad8 25. Qe5+ 1-0

[Event "Live Chess"]
[Site "Chess.com"]
[Date "2023.05.20"]
[Round "-"]
[White "FailsGambits"]
[Black "Stanbad1"]
[Result "0-1"]
[WhiteElo "1321"]
[BlackElo "2409"]
[TimeControl "300"]
[EndTime "14:11:56 PDT"]
[Termination "Stanbad1 won by resignation"]

1. e4 e6 2. Nf3 d5 3. exd5 exd5 4. d4 Nc6 5. Nc3 Bg4 6. Be2 Bb4 7. h3 Bh5 8. O-O Nge7 9. Be3 Bg6 10. Bd3 O-O 11. Re1 Bxd3 12. Qxd3 Ng6 13. a3 Bxc3 14. Qxc3 Nce7 15.
Rad1 Nf5 16. Bc1 Nd6 17. Ne5 c6 18. Rd3 Re8 19. Rde3 Nxe5 20. Rxe5 Rxe5 21. Rxe5 f6 22. Re2 Qd7 23. Bf4 Nb5 24. Qb4 b6 25. Re7 Qf5 26.
Bh2 Qxc2 27. a4 Nxd4 28. Qxd4 Qc1+ 0-1

[Event "Live Chess"]
[Site "Chess.com"]
[Date "2023.05.20"]
[Round "-"]
[White "JoshMcK"]
[Black "PaulHumphreys"]
[Result "1-0"]
[WhiteElo "1568"]
[BlackElo "1356"]
[TimeControl "300"]
[EndTime "14:12:01 PDT"]
[Termination "JoshMcK won by checkmate"]

1. e4 c5 2. c3 g6 3. d4 cxd4 4. cxd4 Bg7 5. Nf3 Nf6 6. e5 Ne4 7. Nc3 d5 8. Bb5+ Bd7 9. Bxd7+ Qxd7 10. O-O Nc6 11. Be3 Kf8 12. Ng5 Nxg5 13. Bxg5 h6 14. Be3 g5 15. Qb3 e6 16. Nb5 g4 17. g3 h5 18. Nd6 Rb8 19. Rac1 Ke7 20. Qa3 Kd8 21. Bg5+ Kc7 22. Nb5+ Kc8 23. Nxa7+ Kc7 24. Nb5+ Kc8 25. Nd6+ Kc7 26. Qa5+ b6 27. Qa7+ Rb7 28. Qxb7# 1-0

[Event "Live Chess"]
[Site "Chess.com"]
[Date "2023.05.20"]
[Round "-"]
[White "TheSmoulderingMaster"]
[Black "toog"]
[Result "0-1"]
[WhiteElo "1715"]
[BlackElo "2615"]
[TimeControl "300"]
[EndTime "14:12:09 PDT"]
[Termination "toog won by resignation"]

1. e4 e5 2. Nf3 Nf6 3. Nxe5 d6 4. Nf3 Nxe4 5. Bc4 d5 6. Bb3 c6 7. O-O Be7 8. Re1 O-O 9. d3 Nf6 10. Nc3 Bg4 11. h3 Bh5 12. Qe2 Re8 13. Qe3 Nbd7 14.
Qf4 Qb8 15. Ne5 Bd6 16. d4 Nxe5 17. dxe5 Bxe5 18. Qd2 Bh2+ 19. Kh1 Rxe1+ 20. Qxe1 Qd6 21. Bg5 Re8 22. Qd2 Be5 23. f4 Bxc3 24. Qxc3 Ne4 25. Qg3 Nxg3+ 0-1

[Event "Live Chess"]
[Site "Chess.com"]
[Date "2023.05.20"]
[Round "-"]
[White "f4nomore"]
[Black "Long1968"]
[Result "1-0"]
[WhiteElo "1380"]
[BlackElo "1047"]
[TimeControl "300"]
[EndTime "14:12:14 PDT"]
[Termination "f4nomore won on time"]

1. d4 e6 2. Nf3 c5 3. c3 b6 4. e3 Bb7 5. Be2 Nc6 6. O-O Qc7 7. Na3 a6 8. Nc2 d5 9. c4 cxd4 10. Ncxd4 dxc4 11. Bxc4 Rd8 12. Bb3 Bc5 13. Qc2 Nf6 14.
Bd2 e5 15. Nxc6 Qxc6 16. Qc4 O-O 17. Rac1 Rxd2 18. Qc3 Rfd8 19. Qxe5 Ng4 20. Qg3 1-0

[Event "Live Chess"]
[Site "Chess.com"]
[Date "2023.05.20"]
[Round "-"]
[White "VovaOvchar1990"]
[Black "M00nDr4g0n"]
[Result "1/2-1/2"]
[WhiteElo "1223"]
[BlackElo "882"]
[TimeControl "300"]
[EndTime "14:12:28 PDT"]
[Termination "Game drawn - timeout vs insufficient material"]

1. e4 d6 2. Bc4 g6 3. Nc3 Bg7 4. d4 Nf6 5. e5 dxe5 6. dxe5 Nfd7 7. e6 fxe6 8. Bxe6 Nc6 9. Nf3 Nce5 10. Nxe5 Nxe5 11. Qxd8+ Kxd8 12. O-O Bxe6 13. Bf4 Ke8 14. Bxe5 Bxe5 15. Rfe1 Bxc3 16. bxc3 Bd7 17. Re4 e6 18. Rb1 b6 19. f4 Kf7 20. g4 Kg7 21. h4 Rhf8 22. Kg2 Rf7 23. Kg3 Raf8 24. Rf1 Bc6 25. Rd4 Bb7 26. Ra4 a5 27. Rc4 Rd7 28. Rf2 Rfd8 29.
Re4 Kf7 30. Re3 Rd2 31. Ree2 Rxe2 32. Rxe2 Bd5 33. Rd2 Rd6 34. h5 Bxa2 35. hxg6+ hxg6 36. Rh2 Kg7 37. f5 exf5 38. gxf5 gxf5 39. Kf4 Be6 40.
Rg2+ Kf6 41. Rh2 Bf7 42. Rh6+ Bg6 43. Rh8 Rc6 44. Rf8+ Kg7 45. Rd8 Rxc3 46. Kg5 Rxc2 47. Rd7+ Kf8 48. Kxg6 f4 49. Kf6 Rc6+ 50. Kf5 f3 51.
Rd8+ Ke7 52. Rd1 f2 53. Rf1 Rf6+ 54. Ke5 a4 55. Kd4 a3 56. Kc3 Rf3+ 57. Kc2 b5 58.
Kd2 b4 59. Ke2 Rf4 60. Kd2 b3 61. Kc3 a2 62. Kxb3 a1=Q 63. Rxa1 f1=Q 64. Rxf1 Rxf1 65. Kc3 Kd6 66. Kd2 Rf5 67. Kc3 Rc5+ 68. Kd4 Rb5 69. Kc4 Rb6 70. Kd4 Kc6 71. Kc4 Rb5 72. Kd4 Rc5 73. Kd3 Rd5+ 74. Kc4 Rd7 75. Kc3 Kb6 76. Kc4 c6 77. Kc3 Rd5 78. Kc4 Ka6 79. Kc3 Ka5 80.
Kc4 Ka4 81. Kc3 Ka3 82. Kc4 1/2-1/2

[Event "Live Chess"]
[Site "Chess.com"]
[Date "2023.05.20"]
[Round "-"]
[White "LutherSullivan"]
[Black "FlyingChessKestrel13"]
[Result "1-0"]
[WhiteElo "2092"]
[BlackElo "2111"]
[TimeControl "300"]
[EndTime "14:12:33 PDT"]
[Termination "LutherSullivan won by resignation"]

1. e4 c5 2. Nf3 Nc6 3. Bb5 e6 4. Bxc6 bxc6 5. O-O Nf6 6. Re1 d5 7. d3 Be7 8. Nbd2 O-O 9. b3 Ba6 10. Bb2 c4 11. Ne5 cxd3 12. cxd3 Qc7 13. Rc1 c5 14. d4 Bd6 15. exd5 exd5 16. dxc5 Bxc5 17. Bd4 1-0